 Dungeon Crawl Stone Soup version 0.29.1-14-g9c671dbff4 (webtiles) character file.

Game seed: 17654068665175941602

24 Barneous the Gusty (level 3, -1/23 HPs)
             Began as an Octopode Wanderer on Feb 17, 2023.
             Slain by a worm (10 damage)
             ... on level 2 of the Dungeon.
             The game lasted 00:03:05 (1005 turns).

Barneous the Gusty (Octopode Wanderer)              Turns: 1005, Time: 00:03:06

Health: -1/23      AC:  1    Str:  8 (10) XL:     3   Next: 2%
Magic:  4/4        EV: 12    Int: 17 (18) God:
Gold:   39         SH:  0    Dex:  7 (10) Spells: 3/4 levels left

rFire   . . .      SeeInvis .   a - +0 club
rCold   . . .      Faith    .   (no shield)
rNeg    . . .      Spirit   .   b - +0 hat
rPois   .          Reflect  .   (no amulet)
rElec   .          Harm     .   (no ring)
rCorr   .          Rampage  .   (no ring)
Will    .....                   (no ring)
Stlth   ++........              (no ring)
HPRegen 0.07/turn               (no ring)
MPRegen 0.09/turn               (no ring)
                                (no ring)
                                (no ring)

@: no status effects
A: almost no armour, amphibious, 8 rings, camouflage 1, gelatinous body 1,
(nimble swimmer 1), tentacles
a: no special abilities


You were on level 2 of the Dungeon.
You visited 1 branch of the dungeon, and saw 2 of its levels.

You collected 39 gold pieces.

Inventory:

Hand Weapons
 a - a +0 club (weapon)
Armour
 b - a +0 hat (worn)
Scrolls
 d - a scroll of teleportation
Potions
 c - a potion of invisibility
 f - 2 potions of curing


   Skills:
 + Level 1.4 Fighting
 + Level 1.3 Throwing
 + Level 1.2 Dodging
 + Level 1.1 Stealth
 + Level 1.2 Spellcasting
 + Level 5.1 Air Magic
 + Level 1.5 Evocations


You had 3 spell levels left.
You knew the following spells:

 Your Spells              Type           Power      Damage    Failure   Level
a - Shock                 Conj/Air       36%        1d5       8%          1

Your spell library contained the following spells:

 Spells                   Type           Power      Damage    Failure   Level
 Magic Dart               Conj           4%         1d3       22%         1
 Mephitic Cloud           Conj/Pois/Air  6%         N/A       30%         3
 Call Imp                 Summ           1%         N/A       32%         2
 Corpse Rot               Necr/Pois/Air  6%         N/A       71%         4


Dungeon Overview and Level Annotations

Branches:
Dungeon (2/15)

Altars:


Innate Abilities, Weirdness & Mutations

You cannot wear most types of armour.
You are amphibious.
You can wear up to eight rings at the same time.
Your skin changes colour to match your surroundings (Stealth+).
Your rubbery body absorbs attacks. (AC +1, EV +1)
((You are camouflaged when in or above water. (Stealth+)))
You have tentacles for arms and can constrict up to eight enemies at once.


Message History

You start waiting.
Done waiting.
Done exploring.
Done exploring.
As you read the scroll labelled UBAESM GYRCH, it crumbles to dust.
It is a scroll of identify.
f - 2 potions of curing It was a potion of degeneration.
There was something very wrong with that liquid.
You feel weakened.
You feel dopey.
You feel clumsy.
It was a potion of attraction.
You feel attractive to monsters.
You feel less attractive to monsters.
You open the door.
There is an open door here.
There is a stone staircase leading down here.
You climb downwards.
Found 16 gold pieces, a spear and an orange potion.
There is a stone staircase leading up here.
The helpless worm fails to defend itself.
You hit the worm. Your grab misses the worm.
The worm is lightly wounded.
The worm bites you.
You hit the worm but do no damage. You grab the worm. You constrict the worm.
The worm bites you!
Ouch! That really hurt!
You are too injured to fight recklessly!
You are too injured to fight recklessly!
You are too injured to fight recklessly!
You are too injured to fight recklessly!
Aiming: Shock (safe; 8% risk of failure)
Press: ? - help, Q - select action Shift-Dir - straight line, f - worm
Aim: a worm (constricted by you, 100% to hit)
That beam is likely to hit you.
Continue anyway?
Okay, then.
You release your grip on the worm.
You hit the worm. You grab the worm.
The worm is lightly wounded.
You constrict the worm. The worm bites you!
You die...

##+## # ##...##
..#####.....##
....#.......##
.###.........<#
..............+
#.........$#
#.#w@.)...##
##...!.##
##...## ##+##


You could see a worm.

Vanquished Creatures
  A gnoll (D:1)
  3 ball pythons (D:1)
  3 bats (D:1)
  An endoplasm (D:1)
  2 giant cockroaches (D:1)
  A hobgoblin (D:1)
  3 rats (D:1)
14 creatures vanquished.

Notes
Turn   | Place    | Note
-------+----------+-------------------------------------------
     0 | D:1      | Barneous the Octopode Wanderer began the quest for the Orb.
     0 | D:1      | Barneous set off with the following items: a +0 club, a +0
                  | hat, a potion of invisibility, a scroll of teleportation;
                  | and the following spell memorised: Shock; and the following
                  | spells available to memorise: Mephitic Cloud, Corpse Rot.
     0 | D:1      | Reached XP level 1. HP: 13/13 MP: 2/2
   117 | D:1      | Reached XP level 2. HP: 17/18 MP: 0/3
   499 | D:1      | Found a faded altar of an unknown god.
   550 | D:1      | Reached skill level 1 in Stealth
   814 | D:1      | Reached XP level 3. HP: 23/23 MP: 0/4
  1005 | D:2      | Slain by a worm

Illustrated notes

Levels and vault maps discovered:
D:1:      dpeg_arrival_renting, layout_rooms,
          chequers_ecumenical_altar_simple_redux
D:2:      layout_loops_corners, basic_altar, uniq_robin

Skill      XL: |  1  2 |
---------------+-------+-----
Stealth        | 1 |  1.1
Fighting       | |  1.4
Throwing       | |  1.3
Dodging        | |  1.2
Spellcasting   | |  1.2
Air Magic      | |  5.1
Evocations     | |  1.5

Action                   || total
-------------------------++-------
Melee: Club              ||    23
       Constrict         ||     8
       Tentacles         ||     2
 Cast: Shock             ||    16
  Use: Scroll            ||     2
       Potion            ||     4
 Stab: Sleeping          ||     1
Armor: Skin              ||     2
Dodge: Dodged            ||    15
